 Dungeon Crawl Stone Soup version 0.21.1-1-g345015f (webtiles) character file.

192 Flooderbenga the Grave Robber (level 5, -16/37 HPs)
             Began as a Gnoll Necromancer on Apr 9, 2018.
             Demolished by a two-headed ogre
             ... wielding a +0 giant club
              (22 damage)
             ... on level 6 of the Dungeon.
             The game lasted 00:18:58 (889 turns).

Flooderbenga the Grave Robber (Gnoll Necromancer)    Turns: 889, Time: 00:18:59

Health: -16/37     AC:  8    Str: 10    XL:     5   Next: 71%
Magic:  2/12       EV: 15    Int: 19    God:
Gold:   165        SH:  0    Dex: 15    Spells: 4/14 levels left

rFire    . . .     SeeInvis .   g - +2 dagger (venom)
rCold    . . .     Gourm    .   (no shield)
rNeg     . . .     Faith    .   a - +0 robe
rPois    +         Spirit   .   f - +2 hat
rElec    .         Reflect  .   o - +2 cloak
rCorr    .         Harm     .   (no gloves)
MR       .....                  (no boots)
Stlth    +++.......             (no amulet)
HPRegen  0.12/turn              n - ring of poison resistance
MPRegen  0.13/turn              q - +1 ring of protection

@: very slightly contaminated
A: distributed training, fangs 1, strong nose
a: no special abilities


You were on level 6 of the Dungeon.
You were very hungry.

You visited 2 branches of the dungeon, and saw 7 of its levels.

You collected 165 gold pieces.

Inventory:

Hand Weapons
 g - a +2 dagger of venom (weapon)
Armour
 a - a +0 robe (worn)
 f - a +2 hat (worn)
 o - a +2 cloak (worn)
Jewellery
 n - a ring of poison resistance (left hand)
 q - a +1 ring of protection (right hand)
 v - a +2 ring of intelligence {unknown}
Wands
 i - a wand of polymorph (25)
Scrolls
 d - a scroll of enchant weapon
 j - 3 scrolls of teleportation {unknown}
 k - a scroll of fear {unknown}
 r - 2 scrolls of identify {@r1}
Potions
 e - a potion of agility {@q5}
 h - 2 potions of mutation {unknown}
 l - 2 potions of magic {unknown}
 m - a potion of flight {unknown}
 p - a potion of resistance {unknown}
 t - a potion of degeneration {unknown}
 u - a potion of berserk rage {unknown}
Books
 b - a book of Necromancy

   Spells                             Type                      Level
   a - Pain                           Necromancy                   1
   b - Animate Skeleton               Necromancy                   1
   c - Vampiric Draining              Necromancy                   3
   d - Regeneration                   Charms/Necromancy            3
   e - Animate Dead                   Necromancy                   4
   f - Borgnjor's Vile Clutch         Necromancy/Earth             5
Comestibles
 c - 7 rations


   Skills:
 + Level 1.5 Fighting
 + Level 1.5 Short Blades
 + Level 1.5 Long Blades
 + Level 1.5 Axes
 + Level 1.5 Maces & Flails
 + Level 1.5 Polearms
 + Level 1.5 Staves
 + Level 1.5 Slings
 + Level 1.5 Bows
 + Level 1.5 Crossbows
 + Level 1.5 Throwing
 + Level 1.5 Armour
 + Level 4.8 Dodging
 + Level 4.4 Stealth
 + Level 1.5 Shields
 + Level 1.5 Unarmed Combat
 + Level 5.2 Spellcasting
 + Level 1.2 Conjurations
 + Level 1.2 Hexes
 + Level 1.2 Charms
 + Level 1.2 Summonings
 + Level 7.2 Necromancy
 + Level 1.2 Translocations
 + Level 1.2 Transmutations
 + Level 1.2 Fire Magic
 + Level 1.2 Ice Magic
 + Level 1.2 Air Magic
 + Level 1.2 Earth Magic
 + Level 1.2 Poison Magic
 + Level 1.7 Invocations
 + Level 1.5 Evocations


You had 4 spell levels left.
You knew the following spells:

 Your Spells              Type           Power        Failure   Level  Hunger
a - Pain                  Necr           ####         1%          1    None
c - Borgnjor's Vile Clut  Necr/Erth      ###.......   52%         5    ######.
r - Regeneration          Chrm/Necr      ###.......   6%          3    ##.....
z - Animate Skeleton      Necr           N/A          1%          1    None


Dungeon Overview and Level Annotations

Branches:
Dungeon (6/15)             Temple (1/1) D:4

Altars:
Ashenzari
Dithmenos
Elyvilon
Fedhas
Gozag
Hepliaklqana
Kikubaaqudgha
Nemelex Xobeh
Okawaru
Qazlal
Ru
Sif Muna
Vehumet
Zin

Annotations:
D:5 Grinder, Menkaure


Innate Abilities, Weirdness & Mutations

Your experience applies equally to all skills.
You have very sharp teeth.
Your uncanny sense of smell can sniff out nearby items.


Message History

Aim: a two-headed ogre, wielding a giant club and a giant spiked club You miscast Borgnjor's Vile Clutch.
You are very lightly contaminated with residual magic.
Your feet feel warm.
You are feeling hungry.
You now have 7/12 mp.
The spell is very dangerous to cast!
Continue anyway?
Aim: a two-headed ogre, wielding a giant club and a giant spiked club You miscast Borgnjor's Vile Clutch.
You feel very uncomfortable.
You now have 2/12 mp.
You don't have enough magic to cast that spell.
An adder zombie comes into view.
You are feeling very hungry.
The two-headed ogre hits you with a giant club!!
Ouch! That really hurt!
* * * LOW HITPOINT WARNING * * *
The two-headed ogre hits you with a giant spiked club!!
Ouch! That really hurt!
You die...

****** **********
***********,,,,* ,,,,,,,,,*
******,,,,,,,,,,,**** ,,,,,,,,,*
*,,,,,,*****##.#**
,,,,,,,,,*##∆*********....#
,,,,,,,,,##..##### *,..*#.#
,,,,,,,,,........###.###..#
,,,,,,,,,#.....O.....#....#
,,,,,,,,,#......@.####.#..#
,,,,,,,,,.Z......#.....#.#*
,,,,,,,,,#...$.....####..#
*********#.........###..#######
*,,,,,*####...........<.....#**
***,,,,,**,......#####.######...,
,,,,,,,,,,..####.#* #.* **,,,
***,,,,,*,.#* #..** #.******,,,,
***,,,,*,,** ##,,**#.*,,,,,,***


You could see a two-headed ogre and an adder zombie (wandering).

Vanquished Creatures
  A howler monkey (D:4)
  An orc priest (D:4)
  2 hounds
  3 adders
  3 oozes
  An adder skeleton (D:5)
  A dart slug (D:2)
  A leopard gecko (D:2)
  2 orcs (D:4)
  3 goblins
  3 hobgoblins
  A kobold (D:1)
  A quokka (D:4)
  A ball python (D:6)
  A frilled lizard (D:3)
  A leopard gecko skeleton (D:4)
  2 rats
28 creatures vanquished.

Notes
Turn   | Place    | Note
-------+----------+-------------------------------------------
     0 | D:1      | Flooderbenga the Gnoll Necromancer began the quest for the Orb.
     0 | D:1      | Reached XP level 1. HP: 13/13 MP: 6/6
    59 | D:1      | Reached XP level 2. HP: 13/19 MP: 3/7
    97 | D:1      | Learned a level 1 spell: Animate Skeleton
   262 | D:3      | Reached skill level 5 in Spellcasting
   262 | D:3      | Reached XP level 3. HP: 23/25 MP: 4/9
   274 | D:3      | Learned a level 3 spell: Regeneration
   299 | D:3      | Reached skill level 1 in Invocations
   396 | D:4      | Reached skill level 1 in Fighting
   396 | D:4      | Reached skill level 1 in Short Blades
   396 | D:4      | Reached skill level 1 in Long Blades
   396 | D:4      | Reached skill level 1 in Axes
   396 | D:4      | Reached skill level 1 in Maces & Flails
   396 | D:4      | Reached skill level 1 in Polearms
   396 | D:4      | Reached skill level 1 in Staves
   396 | D:4      | Reached skill level 1 in Slings
   396 | D:4      | Reached skill level 1 in Bows
   396 | D:4      | Reached skill level 1 in Crossbows
   396 | D:4      | Reached skill level 1 in Throwing
   396 | D:4      | Reached skill level 1 in Armour
   396 | D:4      | Reached skill level 1 in Shields
   396 | D:4      | Reached skill level 1 in Unarmed Combat
   396 | D:4      | Reached skill level 1 in Evocations
   396 | D:4      | Reached XP level 4. HP: 30/32 MP: 7/11
   424 | D:4      | Found an ancient bone altar of Kikubaaqudgha.
   439 | D:4      | Found a staircase to the Ecumenical Temple.
   463 | Temple   | Entered the Ecumenical Temple
   496 | D:4      | Reached skill level 1 in Conjurations
   496 | D:4      | Reached skill level 1 in Hexes
   496 | D:4      | Reached skill level 1 in Charms
   496 | D:4      | Reached skill level 1 in Summonings
   496 | D:4      | Reached skill level 1 in Translocations
   496 | D:4      | Reached skill level 1 in Transmutations
   496 | D:4      | Reached skill level 1 in Fire Magic
   496 | D:4      | Reached skill level 1 in Ice Magic
   496 | D:4      | Reached skill level 1 in Air Magic
   496 | D:4      | Reached skill level 1 in Earth Magic
   496 | D:4      | Reached skill level 1 in Poison Magic
   496 | D:4      | Reached XP level 5. HP: 26/37 MP: 8/12
   506 | D:4      | Found a sparkling altar of Nemelex Xobeh.
   543 | D:4      | Found a stormy altar of Qazlal.
   601 | D:5      | Entered Level 5 of the Dungeon
   724 | D:5      | Learned a level 5 spell: Borgnjor's Vile Clutch
   729 | D:4      | Found a shadowy altar of Dithmenos.
   762 | D:5      | Noticed Grinder
   762 | D:5      | Noticed a centaur
   796 | D:5      | Found an opulent altar of Gozag.
   819 | D:5      | Noticed Menkaure
   884 | D:6      | Noticed a two-headed ogre
   889 | D:6      | Demolished by a two-headed ogre

Skill      XL: |  1  2  3  4 |
---------------+-------------+-----
Spellcasting   | 5 |  5.2
Invocations    | 1 |  1.7
Fighting       | 1 |  1.5
Short Blades   | 1 |  1.5
Long Blades    | 1 |  1.5
Axes           | 1 |  1.5
Maces & Flails | 1 |  1.5
Polearms       | 1 |  1.5
Staves         | 1 |  1.5
Slings         | 1 |  1.5
Bows           | 1 |  1.5
Crossbows      | 1 |  1.5
Throwing       | 1 |  1.5
Armour         | 1 |  1.5
Shields        | 1 |  1.5
Unarmed Combat | 1 |  1.5
Evocations     | 1 |  1.5
Conjurations   | 1 |  1.2
Hexes          | 1 |  1.2
Charms         | 1 |  1.2
Summonings     | 1 |  1.2
Translocations | 1 |  1.2
Transmutations | 1 |  1.2
Fire Magic     | 1 |  1.2
Ice Magic      | 1 |  1.2
Air Magic      | 1 |  1.2
Earth Magic    | 1 |  1.2
Poison Magic   | 1 |  1.2
Dodging        | |  4.8
Stealth        | |  4.4
Necromancy     | |  7.2

Action                   |  1- 3 |  4- 6 || total
-------------------------+-------+-------++-------
Melee: Dagger            |     5 |    10 ||    15
 Cast: Pain              |    20 |    12 ||    32
       Animate Skeleton  |     1 |     3 ||     4
       Borgnjor's Vile C |       |     1 ||     1
Evoke: Wand              |       |     3 ||     3
  Use: Scroll            |     3 |     1 ||     4
 Stab: Sleeping          |     3 |       ||     3
Armor: Robe              |       |     1 ||     1
Dodge: Dodged            |       |     9 ||     9
